 Dungeon Crawl Stone Soup version 0.29.1-1-gd02db6906a (webtiles) character file.

Game seed: 11132276462156760768

3394 anonymouscript the Thaumaturge (level 10, -9/106 HPs)
             Began as a Djinni Fire Elementalist on Sept 27, 2022.
             Mangled by a red devil
             ... wielding a +0 trident
              (14 damage)
             ... on level 9 of the Dungeon.
             The game lasted 00:27:11 (9417 turns).

anonymouscript the Thaumaturge (DjFE)               Turns: 9417, Time: 00:27:12

Health: -9/106     AC: 25    Str:  7    XL:     10   Next: 24%
Gold:   305        EV:  2    Int: 25    God:
                   SH:  0    Dex: 19

rFire   . . .      SeeInvis .   m - +8 spear "Udur" {flame, rC+ rN+}
rCold   + . .      Faith    .   (no shield)
rNeg    + . .      Spirit   .   (body armour currently unavailable)
rPois   ∞          Reflect  .   (helmet currently unavailable)
rElec   .          Harm     .   (cloak currently unavailable)
rCorr   .          Rampage  .   (gloves currently unavailable)
Will    +....      NoTele   +   (boots unavailable)
Stlth   +++.......              (no amulet)
HPRegen 0.27/turn               h - +6 ring of intelligence
MPRegen 0.00/turn               E - +3 ring of dexterity

@: brilliant, tree-form, spiked, hasted, very quick
A: stationary, stasis, torment immunity, boosted hp, sickness immunity, (fire
resistance 2), (cold vulnerability 1), float, innate caster, HP casting, extra
vitality 1, (electricity resistance)
a: no special abilities


You were on level 9 of the Dungeon.
You were a tree.
You visited 2 branches of the dungeon, and saw 10 of its levels.

You collected 465 gold pieces.
You spent 160 gold pieces at shops.

Inventory:

Hand Weapons
 c - a +0 falchion of draining
 m - the +8 spear "Udur" (weapon) {flame, rC+ rN+}
   (You found it on level 3 of the Dungeon)

   It burns those it strikes, dealing additional fire damage.
   rC:        It protects you from cold.
   rN:        It protects you from negative energy.
 o - a +3 dagger of venom
 F - a +0 vorpal falchion
 G - a +2 long sword of flaming
Missiles
 J - 21 poisoned darts
 L - 6 curare-tipped darts
Armour
 a - a +0 robe
 n - a +0 helmet (melded)
 H - +0 swamp dragon scales (melded)
Jewellery
 h - a +6 ring of intelligence (left branch)
 E - a +3 ring of dexterity (right branch)
 K - a ring of willpower
Wands
 g - a wand of flame (37)
 y - a wand of mindburst (16)
 z - a wand of charming (17)
 M - a wand of roots (9)
Scrolls
 d - a scroll of immolation {unknown}
 f - 2 scrolls of enchant weapon {unknown}
 j - 3 scrolls of poison {unknown}
 k - 3 scrolls of teleportation
 l - a scroll of noise {unknown}
 p - a scroll of magic mapping {unknown}
 q - a scroll of fear {unknown}
 t - 3 scrolls of identify {unknown}
 u - a scroll of vulnerability {unknown}
 w - a scroll of brand weapon {unknown}
 x - a scroll of enchant armour {unknown}
 C - 4 scrolls of summoning {unknown}
Potions
 b - 4 potions of curing
 e - 2 potions of brilliance
 i - 2 potions of lignification
 r - a potion of cancellation {unknown}
 s - 3 potions of mutation
 v - 2 potions of haste
 A - a potion of degeneration {unknown}
 B - a potion of flight {unknown}
 D - 2 potions of resistance {unknown}
 I - a potion of berserk rage {unknown}


   Skills:
 * Level 5.6 Fighting
 + Level 2.5 Polearms
 + Level 2.9 Armour
 + Level 3.8 Dodging
 + Level 3.1 Stealth
 + Level 8.8 Spellcasting
 + Level 0.3 Evocations


You had 4 spell levels left.
You knew the following spells:

 Your Spells              Type           Power      Damage    Failure   Level
a - Foxfire               Conj/Fire      100%       2x1d9     1%          1
b - Scorch                Fire           100%       2d10      1%          2
c - Conjure Flame         Conj/Fire      70%        6-21      1%          3
d - Inner Flame           Hex/Fire       70%        N/A       1%          3
e - Flame Wave            Conj/Fire      70%        2d16      1%          4
f - Necrotise             Necr           100%       1d9       1%          1
g - Passwall              Tmut/Erth      58%        N/A       1%          2
h - Tukima's Dance        Hex            70%        N/A       1%          3
i - Portal Projectile     Hex/Tloc       100%       N/A       1%          3
Your spell library was empty.

Dungeon Overview and Level Annotations

Branches:
Dungeon (9/15)             Temple (1/1) D:5
   Lair: D:8-11         Orc: D:9-12

Altars:
Cheibriados
Elyvilon
Gozag
Makhleb
Okawaru
Yredelemnul

Shops:
D:1 :((   D:7 =

Annotations:
D:2 Jessica


Innate Abilities, Weirdness & Mutations

You are a tree.
Your roots penetrate the ground, keeping you stationary.
You cannot be teleported.
You are immune to unholy pain and torment.
Your maximum health is greatly increased.
Your equipment is partially melded.
You are immune to sickness and miasma.
You are immune to poison.
((Your flesh is very heat resistant. (rF++)))
((You are vulnerable to cold. (rC-)))
You float through the air rather than walking.
You learn spells naturally, not from books.
Your magical power is your life essence.
You have superior vitality. (+4 MHP)
((You are resistant to electric shocks. (rElec)))


Message History

The orange demon is almost dead.
The orange demon is engulfed in blazing flames.
The orange demon explodes!
The fiery explosion engulfs the orange demon!!
The orange demon is heavily wounded.
The orange demon is engulfed in blazing flames.
Casting: Scorch (safe; 1% risk of failure)
Confirm with . or Enter, or press ? or * to list all spells.
Aiming: Inner Flame (safe; 1% risk of failure)
Press: ? - help, Dir - move target, f - orange demon
Aim: an orange demon (flame, severely wounded, chance to affect: 72%)
The orange demon struggles to resist.
The orange demon is engulfed in blazing flames.
The orange demon stings you from afar.
Casting: Inner Flame (safe; 1% risk of failure)
Confirm with . or Enter, or press ? or * to list all spells.
Flames lash the orange demon.
You kill the orange demon!
* * * LOW HITPOINT WARNING * * *
The red devil hits you from afar with a +0 trident!
* * * LOW HITPOINT WARNING * * *
Barbed spikes become lodged in your body.
As you read the scroll of teleportation, it crumbles to dust.
You feel strangely unstable.
The red devil hits you from afar with a +0 trident.
* * * LOW HITPOINT WARNING * * *
Barbed spikes become lodged in your body.
It was a potion of lignification.
You turn into a tree.
Your +0 helmet melds into your body.
Your +0 swamp dragon scales melds into your body.
Your roots penetrate the ground.
You feel strangely stable.
The red devil hits you from afar with a +0 trident!
* * * LOW HITPOINT WARNING * * *
Barbed spikes become lodged in your body.
It was a potion of brilliance.
You feel clever all of a sudden.
The red devil hits you but does no damage.
It was a potion of haste.
You feel yourself speed up.
The red devil hits you from afar with a +0 trident!
You die...

####.# .....# .....#
.....#.. .#####.# ##
.#....... .#
.#.###.#.########.#
.....#.#..........#
.....#.#.#..(..#♣.#
..⌠..#.###.###.#.○#
.....#...#.# #.#☼.4.
.....#.#.#.###.###§#..
##.....#.....#.. .. .#
#########...### ... #
##### ..# ..#


You could see a red devil.

Vanquished Creatures
  2 orange demons (D:9)
  A kobold demonologist (D:7)
  Maggie (D:7)
  Sigmund (D:5)
  A ynoxinul (D:9)
  A wraith (D:8)
  A steam dragon (D:9)
  A water moccasin (D:8)
  Duvessa (D:5)
  A sky beast (D:7)
  A black bear (D:4)
  An ogre (D:5)
  A centaur (D:7)
  3 kobold brigands
  2 phantoms
  A bullfrog (D:8)
  A necrophage (D:6)
  A scorpion (D:5)
  Dowan (D:5)
  2 killer bees (D:8)
  3 jellies (D:5)
  2 lava snakes (D:8)
  A quasit (D:9)
  A hound (D:7)
  2 iguanas (D:5)
  2 orc wizards (D:8)
  2 adders
  3 shadow imps (D:7)
  A white imp (D:8)
  2 worms
  2 dart slugs (D:3)
  16 orcs
  4 bats
  6 endoplasms
  3 giant cockroaches
  5 goblins
  2 hobgoblins
  3 jackals (D:1)
  20 kobolds
  4 ball pythons
  2 frilled lizards
  3 rats
114 creatures vanquished.

Vanquished Creatures (collateral kills)
  An orc (D:8)
1 creature vanquished.

Vanquished Creatures (others)
  147 foxfires
  A plant (D:9)
148 creatures vanquished.

Grand Total: 263 creatures vanquished

Notes
Turn   | Place    | Note
-------+----------+-------------------------------------------
     0 | D:1      | anonymouscript the Djinni Fire Elementalist began the quest
                  | for the Orb.
     0 | D:1      | anonymouscript set off with the following spells memorised:
                  | Foxfire, Scorch, Conjure Flame, Inner Flame, Flame Wave.
     0 | D:1      | Reached XP level 1. HP: 15/15 MP: 0/0
   503 | D:1      | Found Naghif's Weapon Emporium.
   583 | D:1      | Found Kihibb's Book Emporium.
   587 | D:1      | Reached XP level 2. HP: 18/21 MP: 0/0
  1009 | D:1      | Found Zasobeonlo's Weapon Emporium.
  1803 | D:2      | Noticed Jessica
  1815 | D:3      | Reached skill level 3 in Spellcasting
  1815 | D:3      | Reached XP level 3. HP: 4/25 MP: 0/0
  1815 | D:3      | Learned a level 1 spell: Necrotise
  2600 | D:3      | Reached XP level 4. HP: 17/31 MP: 0/0
  3053 | D:3      | Identified the +8 spear "Udur" {flame, rC+ rN+}
  3439 | D:5      | Entered Level 5 of the Dungeon
  3439 | D:5      | Noticed Duvessa
  3439 | D:5      | Noticed Dowan
  4392 | D:4      | Noticed a black bear
  4393 | D:4      | Noticed a phantom
  4510 | D:5      | Noticed a phantom
  4518 | D:5      | Killed a phantom
  4519 | D:5      | Reached skill level 1 in Fighting
  4519 | D:5      | Reached XP level 5. HP: 23/37 MP: 0/0
  4519 | D:5      | Learned a level 2 spell: Passwall
  4785 | D:5      | Reached skill level 4 in Spellcasting
  4785 | D:5      | Reached XP level 6. HP: 38/42 MP: 0/0
  4790 | D:5      | Reached skill level 1 in Polearms
  4905 | D:5      | Found a staircase to the Ecumenical Temple.
  4912 | Temple   | Entered the Ecumenical Temple
  5465 | D:5      | Noticed an ogre
  5641 | D:4      | Reached XP level 7. HP: 44/49 MP: 0/0
  5641 | D:4      | Learned a level 3 spell: Tukima's Dance
  6097 | D:5      | Reached skill level 5 in Spellcasting
  6203 | D:5      | Killed Duvessa
  6208 | D:5      | Killed Dowan
  6224 | D:5      | Noticed Sigmund
  6233 | D:5      | Killed Sigmund
  6234 | D:5      | Reached XP level 8. HP: 22/56 MP: 0/0
  6806 | D:6      | Reached skill level 6 in Spellcasting
  7441 | D:7      | Found Jaczirigh's One-of-a-Kind Rings.
  7455 | D:7      | Bought a +3 ring of dexterity for 160 gold pieces
  7534 | D:7      | Noticed Maggie
  7541 | D:7      | Killed Maggie
  7542 | D:7      | Reached skill level 7 in Spellcasting
  7542 | D:7      | Reached XP level 9. HP: 49/62 MP: 0/0
  7542 | D:7      | Learned a level 3 spell: Portal Projectile
  7811 | D:7      | Noticed a kobold demonologist
  7814 | D:7      | Noticed a sun demon
  7818 | D:7      | Killed a kobold demonologist
  8538 | D:8      | Gained mutation: You are resistant to electric shocks.
                  | (rElec) [potion of mutation]
  8854 | D:8      | Reached skill level 8 in Spellcasting
  9154 | D:8      | Reached skill level 1 in Armour
  9354 | D:9      | Reached skill level 5 in Fighting
  9371 | D:9      | Reached XP level 10. HP: 41/70 MP: 0/0
  9406 | D:9      | Noticed an orange demon
  9406 | D:9      | Noticed an orange demon
  9411 | D:9      | Killed an orange demon
  9413 | D:9      | Killed an orange demon
  9415 | D:9      | HP: 5/106 [red devil/+0 trident (9)]
  9417 | D:9      | Mangled by a red devil

Illustrated notes

Levels and vault maps discovered:
D:1:      ebering_hopf_link, layout_loops_ring, serial_shops, shop,
          nicolae_shop_statue_plus, nicolae_shop_temple_entry_statues_fountains,
          minmay_tall_x
D:2:      layout_basic, hellmonk_ecumenical_altar_heavens_door, uniq_jessica
D:3:      layout_loops_ring, minmay_misc_feat_roman
D:4:      layout_loops_ring
D:5:      layout_basic, minmay_temple_entry_statues_pillars, grunt_decor_cap,
          uniq_sigmund, uniq_duvessa
D:6:      old_forge, layout_basic, uniq_crazy_yiuf_cottage
D:7:      layout_loops_corners, nicolae_shop_unique_rings, uniq_maggie
D:8:      layout_loops_ring, nicolae_overflow_hidden_temple, lair_entry_dummy,
          minmay_shop_chei, grunt_decor_junction, minmay_liquid_box
D:9:      layout_basic, nicolae_overflow_hallway_of_the_gods, serial_demonic,
          serial_demonic_f, serial_demonic_d, serial_demonic_f,
          serial_demonic_d, enter_bailey_2, serial_bayou_lagoon_b
Temple:   nicolae_temple_little_seven

Skill      XL: |  1  2  3  4  5  6  7  8  9 10 |
---------------+-------------------------------+-----
Spellcasting   | 3 4 5 7 8 |  8.8
Fighting       | 1 2 3 4 5 |  5.6
Dodging        | 3 |  3.8
Stealth        | 2 3 |  3.1
Polearms       | 1 2 |  2.5
Armour         | 1 2 |  2.9
Evocations     | |  0.3

Action                   |  1- 3 |  4- 6 |  7- 9 | 10-12 || total
-------------------------+-------+-------+-------+-------++-------
Melee: Falchion          |    11 |       |       |       ||    11
       Unarmed           |     9 |       |       |       ||     9
       Spear             |       |    18 |    15 |       ||    33
 Cast: Foxfire           |    33 |    25 |    41 |       ||    99
       Scorch            |    22 |    24 |    44 |     4 ||    94
       Conjure Flame     |       |     2 |     8 |       ||    10
       Necrotise         |       |     9 |     2 |       ||    11
       Inner Flame       |       |       |    25 |     3 ||    28
       Tukima's Dance    |       |       |     2 |       ||     2
       Passwall          |       |       |     1 |       ||     1
       Flame Wave        |       |       |     1 |       ||     1
Evoke: Wand              |       |     2 |       |       ||     2
  Use: Scroll            |     1 |     1 |     1 |     1 ||     4
       Potion            |       |     1 |     2 |     3 ||     6
 Stab: Sleeping          |       |       |     1 |       ||     1
Armor: Robe              |    14 |     9 |     1 |       ||    24
       Swamp dragon scal |       |       |    10 |       ||    10
       Skin              |       |       |       |     1 ||     1
Dodge: Dodged            |    45 |    40 |    16 |       ||   101
